Map: Emerald City CE

Players

Lee - Winner!

  • Race: Terran Terran
  • Spawn Location: 5:00

thereddread - Winner!

  • Race: Protoss Protoss
  • Spawn Location: 5:00

JerySandusky

  • Race: Zerg Zerg
  • League: Master
  • Spawn Location: 11:00

AuntJamima

  • Race: Zerg Zerg
  • League: Master
  • Spawn Location: 11:00

VOD

Have the link to the VOD?

Description

Time

  • Played on: June 28, 2026, 12:27 p.m.
  • Length: 11:27
Show
View Real Time Build Order
Export as new Build Order

Lee Terran - Winner!

Build Orders:  

Get SALT Encoding   

  8  0:00  SCV  
  9  0:13  SCV  
  10  0:25  SCV  
  11  0:37  SCV  
  12  0:49  SCV  
  13  1:05  Supply Depot  
  13  1:12  Refinery  
  13  1:13  Refinery  
  13  1:26  SCV  
  13  1:28  Barracks  
  14  1:38  SCV  
  15  1:50  SCV  
  15  1:53  Supply Depot  
  16  2:03  SCV  
  17  2:15  SCV  
  18  2:16  Barracks Tech Lab  
  18  2:20  Factory  
  18  2:27  SCV  
  19  2:35  Marine  
  20  2:39  SCV  
  20  2:42  Supply Depot  
  22  2:51  SCV  
  22  2:54  Marine  
  23  3:15  Bunker  
  23  3:27  Siege Tank  
  23  3:32  Factory, Barracks Tech Lab  
  26  3:49  Starport  
  26  3:56  Marine  
  27  4:06  Siege Tank  
  30  4:11  SCV  
  32  4:17  Supply Depot  
  32  4:23  SCV  
  32  4:34  Starport Reactor  
  32  4:35  SCV  
  33  4:39  Supply Depot  
  33  4:41  Barracks Reactor  
  33  4:47  SCV  
  34  4:56  Siege Tank  
  37  5:01  Orbital Command  
  37  5:07  Supply Depot  
  34  5:23  Siege Tank  
  37  5:33  Liberator  
  40  5:44  Engineering Bay  
  40  5:50  Marine x2  
  42  6:03  Siege Tank  
  45  6:07  Marine  
  45  6:08  Marine  
  47  6:17  SCV  
  47  6:18  Missile Turret  
  48  6:23  Viking  
  48  6:25  Marine x2  
  50  6:29  SCV  
  53  6:43  Marine x2  
  53  6:44  Supply Depot  
  55  6:48  Command Center  
  55  7:10  Medivac x2  
  55  7:11  Marine  
  55  7:14  Marine  
  52  7:32  Marine  
  52  7:35  Siege Tank  
  56  7:51  Refinery  
  56  7:56  Barracks Reactor  
  57  7:58  SCV  
  57  8:01  Orbital Command, Refinery  
  57  8:11  Siege Tank  
  60  8:15  SCV  
  60  8:27  SCV  
  61  8:28  SCV  
  61  8:31  Barracks Reactor  
  62  8:36  Siege Tank  
  62  8:39  SCV  
  62  8:40  SCV  
  67  8:44  Supply Depot  
  67  8:51  SCV  
  67  8:52  SCV  
  72  8:55  Siege Tank  
  72  9:03  SCV  
  72  9:04  SCV  
  74  9:15  SCV  
  74  9:16  SCV  
  76  9:25  Starport  
  76  9:26  Starport  
  76  9:27  SCV  
  76  9:28  SCV  
  78  9:37  Starport  
  78  9:39  SCV  
  78  9:42  Marine  
  80  10:03  Barracks  
  80  10:05  Siege Tank x2  
  86  10:10  Starport Reactor  
  86  10:15  Supply Depot  
  86  10:16  Starport Tech Lab  
  86  10:18  Supply Depot  
  86  10:38  Supply Depot  
  86  10:39  Command Center  
Show
View Real Time Build Order
Export as new Build Order

thereddread Protoss - Winner!

Build Orders:  

Get SALT Encoding   

  8  0:10  Probe (Chrono Boost)  
  9  0:23  Probe (Chrono Boost)  
  10  0:30  Probe (Chrono Boost)  
  11  0:37  Probe  
  12  0:46  Pylon  
  12  0:49  Probe  
  14  1:04  Probe  
  14  1:11  Forge  
  14  1:16  Probe (Chrono Boost)  
  15  1:25  Pylon  
  15  1:28  Probe (Chrono Boost)  
  16  1:34  Pylon  
  16  1:35  Probe (Chrono Boost)  
  17  1:48  Photon Cannon  
  17  1:57  Photon Cannon  
  17  2:14  Gateway  
  17  2:26  Photon Cannon  
  16  2:40  Pylon  
  16  2:49  Photon Cannon  
  16  2:54  Probe  
  16  2:58  Pylon  
  17  3:00  Assimilator  
  17  3:08  Cybernetics Core  
  17  3:20  Photon Cannon  
  17  3:33  Probe (Chrono Boost)  
  18  3:43  Probe (Chrono Boost)  
  18  3:48  Pylon, Probe (Chrono Boost)  
  20  4:03  Probe (Chrono Boost)  
  20  4:07  Assimilator  
  21  4:12  Photon Cannon  
  21  4:13  Probe (Chrono Boost)  
  22  4:17  Stalker  
  22  4:18  Probe (Chrono Boost)  
  22  4:22  Shield Battery  
  25  4:38  Photon Cannon  
  25  4:39  Pylon  
  22  5:30  Stargate  
  22  5:35  Probe  
  23  5:37  Nexus  
  23  5:45  Pylon  
  23  6:03  Probe  
  24  6:15  Probe  
  25  6:18  Nexus  
  25  6:23  Oracle (Chrono Boost)  
  25  6:27  Probe  
  29  6:39  Probe  
  30  6:50  Oracle (Chrono Boost)  
  30  6:52  Probe (Chrono Boost)  
  34  6:57  Assimilator  
  34  7:01  Probe (Chrono Boost)  
  36  7:11  Probe x2 (Chrono Boost)  
  37  7:16  Probe (Chrono Boost)  
  37  7:17  Probe  
  37  7:20  Oracle  
  42  7:42  Probe  
  43  7:47  Photon Cannon, Shield Battery  
  43  7:49  Pylon  
  43  7:54  Assimilator, Probe  
  43  7:57  Void Ray  
  48  8:06  Probe  
  49  8:18  Probe  
  50  8:28  Stargate  
  50  8:30  Probe (Chrono Boost)  
  51  8:35  Fleet Beacon  
  51  8:38  Protoss Air Armor Level 1 (Chrono Boost)  
  51  8:39  Probe (Chrono Boost)  
  51  8:41  Probe (Chrono Boost)  
  53  8:42  Pylon  
  53  8:45  Protoss Shields Level 1  
  53  8:47  Probe (Chrono Boost)  
  55  8:48  Probe (Chrono Boost)  
  55  8:51  Probe (Chrono Boost)  
  55  8:52  Void Ray (Chrono Boost)  
  60  8:57  Probe  
  60  8:58  Probe  
  62  9:06  Probe, Photon Cannon  
  62  9:09  Shield Battery  
  62  9:12  Assimilator  
  63  9:17  Photon Cannon, Probe  
  63  9:21  Flux Vanes  
  64  9:24  Void Ray  
  64  9:29  Probe (Chrono Boost)  
  69  9:41  Probe (Chrono Boost)  
  69  9:44  Photon Cannon  
  70  9:46  Shield Battery  
  70  9:48  Probe (Chrono Boost)  
  70  9:49  Pylon  
  70  9:50  Assimilator  
  71  9:56  Probe  
  72  10:00  Pylon  
  72  10:08  Probe  
  73  10:20  Probe  
  74  10:23  Stargate  
  74  10:26  Pylon  
  74  10:29  Pylon  
  74  10:32  Probe  
Show
View Real Time Build Order
Export as new Build Order

JerySandusky Zerg 

Build Orders: Pool First 

Get SALT Encoding   

  8  0:00  Drone  
  9  0:11  Drone  
  10  0:17  Drone  
  11  0:22  Drone  
  12  0:32  Extractor  
  12  0:33  Drone  
  12  0:41  Overlord  
  13  1:00  Spawning Pool  
  12  1:09  Drone  
  12  1:10  Drone  
  14  1:21  Drone  
  14  1:22  Drone  
  16  1:48  Zergling x4  
  16  1:49  Zergling x2  
  19  1:57  Extractor  
  19  1:58  Extractor  
  17  2:20  Drone  
  17  2:21  Drone x2, Roach Warren  
  19  2:58  Hatchery  
  16  3:26  Roach x2  
  19  3:28  Overlord  
  19  3:41  Drone  
  20  3:45  Queen  
  22  3:50  Ravager  
  22  3:52  Ravager  
  22  3:54  Roach  
  26  4:08  Roach  
  28  4:11  Overlord x2  
  28  4:54  Roach x4  
  28  4:55  Roach  
  38  5:04  Drone x3  
  39  5:27  Drone  
  39  5:28  Drone  
  41  5:30  Roach x3  
  47  5:39  Evolution Chamber  
  46  5:47  Drone  
  46  5:48  Drone  
  48  5:54  Overlord x2  
  48  6:00  Overlord  
  48  6:06  Zerg Missile Weapons Level 1  
  48  6:17  Lair  
  48  6:29  Roach x2  
  48  6:30  Roach x2  
  56  6:41  Spore Crawler  
  55  6:54  Drone  
  55  6:55  Drone x2  
  44  7:42  Drone x3, Spore Crawler  
  42  7:50  Hydralisk Den  
  37  7:53  Roach x6  
  45  8:20  Hydralisk  
  45  8:21  Hydralisk x5  
  45  8:22  Zerg Missile Weapons Level 2  
  57  8:30  Drone  
  58  8:47  Hydralisk  
  58  8:48  Hydralisk x2  
  64  8:58  Drone  
  64  8:59  Drone  
  64  9:01  Drone  
  64  9:02  Drone x4  
  71  9:09  Overlord  
  71  9:27  Queen  
  71  9:29  Hydralisk  
  71  9:30  Hydralisk x3, Extractor  
  80  9:31  Overlord  
  80  9:32  Overlord x2  
  80  9:46  Evolution Chamber  
  79  10:02  Ravager x4  
  79  10:03  Ravager x2  
  85  10:10  Drone  
  85  10:11  Drone x2  
  88  10:17  Drone x4  
  92  10:32  Hatchery  
  82  10:56  Hydralisk x5  
Show
View Real Time Build Order
Export as new Build Order

AuntJamima Zerg 

Build Orders: Pool First 

Get SALT Encoding   

  8  0:02  Drone  
  9  0:11  Drone  
  10  0:17  Drone  
  11  0:23  Drone  
  12  0:35  Overlord  
  12  0:45  Extractor, Drone  
  13  0:57  Drone x2  
  13  1:02  Drone  
  16  1:10  Drone  
  17  1:16  Spawning Pool  
  16  1:20  Drone  
  17  1:54  Hatchery  
  17  2:02  Zergling x2  
  17  2:03  Zergling x4  
  20  2:12  Overlord  
  20  2:16  Extractor  
  19  2:29  Queen  
  20  2:43  Overlord  
  20  2:48  Hatchery, Drone x2  
  21  3:04  Queen  
  23  3:06  Drone  
  23  3:08  Drone  
  25  3:34  Zergling x6  
  27  3:42  Metabolic Boost  
  27  3:51  Extractor  
  26  4:04  Roach Warren, Drone x2  
  26  4:05  Drone  
  28  4:15  Drone x2  
  28  4:16  Drone x2  
  32  4:18  Drone  
  32  4:19  Drone  
  32  4:21  Queen  
  36  4:25  Zergling x2  
  37  4:47  Evolution Chamber  
  37  4:50  Evolution Chamber  
  37  5:00  Roach  
  33  5:18  Queen  
  35  5:26  Zergling x8  
  39  5:37  Lair  
  39  5:39  Zerg Ground Armor Level 1  
  39  5:40  Zerg Missile Weapons Level 1  
  39  6:01  Overlord x5  
  39  6:02  Overlord  
  39  6:16  Drone  
  40  6:18  Queen  
  40  6:20  Drone x3  
  45  6:28  Roach x2  
  45  6:31  Roach  
  51  6:48  Spore Crawler  
  51  6:49  Spore Crawler  
  51  6:50  Spore Crawler  
  51  6:51  Spore Crawler, Drone x2  
  51  6:52  Drone x2  
  44  7:16  Queen  
  44  7:22  Drone  
  47  7:23  Drone x6  
  47  7:27  Extractor  
  47  7:29  Extractor  
  51  7:33  Drone x2  
  53  7:39  Glial Reconstitution  
  53  7:52  Hydralisk Den  
  53  7:55  Zerg Ground Armor Level 2  
  52  8:04  Zerg Missile Weapons Level 2  
  52  8:07  Drone x3  
  55  8:22  Hydralisk x3  
  55  8:24  Hydralisk  
  63  8:54  Hatchery  
  63  8:55  Hydralisk x2  
  62  8:56  Hydralisk  
  62  8:58  Overseer x3  
  62  9:01  Drone  
  62  9:02  Drone  
  70  9:03  Drone  
  71  9:19  Muscular Augments  
  71  9:31  Hydralisk  
  71  9:32  Zergling x8  
  71  9:33  Zergling x10  
  82  9:41  Overlord  
  82  9:42  Overlord  
  82  9:44  Overlord  
  82  10:00  Pneumatized Carapace  
  82  10:13  Roach  
  94  10:14  Roach x5  
  94  10:17  Overlord x3  
  94  10:22  Grooved Spines  
Tags
 
Add a new tag
Caveats
  • Supply blocks, unpowered buildings, or Contaminate may cause inaccurate times.
  • Supply counts are checked every 10 seconds.